[ AOE2 MATCH · #505601459 ]
UnrankedMalay vs Persians
Player's team · LOSS
Rival team · WIN
[ REPLAY ANALYSIS · EXTRACTED FROM THE RECORDED GAME ]
Feudal
9:19
Castle
—
Imperial
—
| APM avg | 73.9 |
| APM peak | 107 |
| eAPM avg | 33.5 |
| Villagers / military | 31 / 15 |
Focus
⚔️ 54.5% · 🌾 45.5%
Militia ×5 · Archer ×4 · Spearman ×4 · Skirmisher ×2
Feudal
8:49
Castle
—
Imperial
—
| APM avg | 74.7 |
| APM peak | 129 |
| eAPM avg | 35.3 |
| Villagers / military | 47 / 13 |
Focus
⚔️ 20.1% · 🌾 79.9%
Scout Cavalry ×8 · Skirmisher ×4 · Archer ×1
Match map
Initial resources + every placement click. Lines = walls · curves = elevation contours. ◆ gold · ⬟ stone · ● berries · ✦ relic · ◌ wall gap
Your base· Open — 3t gap
StateSC2's base· Open — 2t gap
Smoothed initial terrain · ◌ = detected wall gap · hover for details
Inputs per minute
— twitch.tv/s0laf1d3 - - StateSC2
Build order — twitch.tv/s0laf1d3
82 actions detected in the replay
| 0:02 | Queue | Villager (Male) ×4 |
| 0:03 | Build | House |
| 0:04 | Build | House |
| 1:30 | Queue | Villager (Male) |
| 1:50 | Queue | Villager (Male) |
| 2:24 | Queue | Villager (Male) |
| 2:31 | Build | Lumber Camp |
| 2:44 | Queue | Villager (Male) |
| 2:53 | Queue | Villager (Male) |
| 3:39 | Queue | Villager (Male) |
| 3:41 | Queue | Villager (Male) |
| 3:49 | Queue | Villager (Male) |
| 4:43 | Build | House |
| 4:46 | Research | Loom |
| 5:15 | Queue | Villager (Male) |
| 5:16 | Queue | Villager (Male) |
| 5:17 | Build | House |
| 6:06 | Queue | Villager (Male) |
| 6:28 | Queue | Villager (Male) |
| 7:06 | Queue | Villager (Male) |
| 7:10 | Queue | Villager (Male) |
| 7:15 | Build | Barracks |
| 8:01 | Research | Feudal Age |
| 8:02 | Queue | Militia |
| 8:03 | Queue | Militia |
| 8:07 | Build | Mining Camp |
| 9:04 | Queue | Militia |
| 9:19 | Age | Feudal Age |
| 9:30 | Build | Palisade Wall |
| 9:31 | Build | Palisade Wall |
| 9:33 | Build | Palisade Wall |
| 9:35 | Build | Palisade Wall |
| 9:36 | Build | Palisade Wall |
| 9:42 | Queue | Villager (Male) |
| 9:43 | Research | Double-Bit Axe |
| 9:43 | Queue | Villager (Male) |
| 9:46 | Build | House |
| 10:23 | Research | Man-at-Arms (upgrade) |
| 10:24 | Research | Man-at-Arms (upgrade) |
| 10:30 | Queue | Villager (Male) |
| 11:02 | Queue | Villager (Male) |
| 11:11 | Queue | Militia |
| 11:26 | Queue | Spearman |
| 11:28 | Build | Archery Range |
| 11:38 | Queue | Villager (Male) |
| 11:44 | Build | Mill |
| 11:52 | Queue | Villager (Male) |
| 11:53 | Build | House |
| 12:09 | Queue | Spearman |
| 12:11 | Queue | Archer |
| 12:11 | Queue | Archer |
| 12:18 | Build | House |
| 12:27 | Queue | Villager (Male) |
| 12:44 | Queue | Archer |
| 13:07 | Queue | Spearman |
| 13:09 | Queue | Villager (Male) |
| 13:27 | Queue | Villager (Male) |
| 13:31 | Queue | Villager (Male) |
| 13:32 | Build | House |
| 13:34 | Build | House |
| 13:36 | Build | Palisade Wall |
| 13:40 | Queue | Villager (Male) |
| 13:44 | Queue | Archer |
| 13:49 | Build | Watch Tower |
| 13:56 | Queue | Skirmisher |
| 13:58 | Build | Farm |
| 13:59 | Build | Farm |
| 13:59 | Build | Farm |
| 13:59 | Build | Farm |
| 13:59 | Build | Farm |
| 14:01 | Queue | Villager (Male) |
| 14:10 | Queue | Militia |
| 14:13 | Build | Palisade Wall |
| 14:14 | Build | Palisade Wall |
| 14:15 | Build | Palisade Wall |
| 14:29 | Queue | Skirmisher |
| 14:32 | Build | Farm |
| 14:35 | Build | Farm |
| 14:36 | Build | Farm |
| 14:52 | Queue | Spearman |
| 14:55 | Build | Palisade Wall |
| 14:57 | Queue | Villager (Male) |
Build order — StateSC2
100 actions detected in the replay
| 0:01 | Queue | Villager (Male) |
| 0:01 | Queue | Villager (Male) |
| 0:02 | Build | House |
| 0:03 | Build | House |
| 0:06 | Queue | Villager (Male) |
| 0:16 | Queue | Villager (Male) |
| 0:23 | Queue | Villager (Male) |
| 1:23 | Queue | Villager (Male) |
| 1:57 | Queue | Villager (Male) |
| 2:12 | Build | Lumber Camp |
| 2:39 | Queue | Villager (Male) |
| 2:39 | Queue | Villager (Male) |
| 2:40 | Queue | Villager (Male) |
| 2:41 | Queue | Villager (Male) |
| 3:00 | Build | House |
| 3:20 | Build | House |
| 3:55 | Queue | Villager (Male) |
| 4:02 | Queue | Villager (Male) |
| 4:07 | Queue | Villager (Male) |
| 4:25 | Queue | Villager (Male) |
| 4:32 | Build | Mill |
| 4:36 | Queue | Villager (Male) |
| 5:05 | Queue | Villager (Male) |
| 5:12 | Queue | Villager (Male) |
| 5:32 | Queue | Villager (Male) |
| 5:48 | Queue | Villager (Male) |
| 6:19 | Queue | Villager (Male) |
| 6:34 | Research | Feudal Age |
| 7:37 | Build | Palisade Wall |
| 7:39 | Build | Palisade Wall |
| 7:55 | Build | Barracks |
| 8:01 | Build | House |
| 8:39 | Queue | Villager (Male) |
| 8:49 | Age | Feudal Age |
| 8:50 | Queue | Villager (Male) |
| 8:58 | Build | Stable |
| 9:05 | Research | Double-Bit Axe |
| 9:05 | Research | Double-Bit Axe |
| 9:07 | Queue | Villager (Male) |
| 9:18 | Build | House |
| 9:28 | Queue | Villager (Male) |
| 9:41 | Queue | Villager (Male) |
| 9:55 | Research | Loom |
| 9:58 | Queue | Scout Cavalry |
| 9:58 | Queue | Scout Cavalry |
| 10:00 | Queue | Villager (Male) |
| 10:06 | Build | Archery Range |
| 10:11 | Build | House |
| 10:15 | Build | House |
| 10:16 | Build | House |
| 10:17 | Queue | Villager (Male) |
| 10:18 | Queue | Scout Cavalry |
| 10:24 | Queue | Scout Cavalry |
| 10:34 | Queue | Villager (Male) |
| 10:41 | Build | House |
| 10:51 | Queue | Scout Cavalry |
| 10:53 | Queue | Villager (Male) |
| 10:59 | Queue | Skirmisher |
| 11:00 | Queue | Archer |
| 11:03 | Queue | Villager (Male) |
| 11:16 | Queue | Villager (Male) |
| 11:20 | Queue | Villager (Male) |
| 11:26 | Queue | Skirmisher |
| 11:27 | Queue | Scout Cavalry |
| 11:39 | Build | Farm |
| 11:41 | Build | Farm |
| 11:47 | Queue | Villager (Male) |
| 12:01 | Queue | Skirmisher |
| 12:04 | Queue | Villager (Male) |
| 12:22 | Build | Farm |
| 12:23 | Build | Farm |
| 12:25 | Build | Farm |
| 12:26 | Build | Farm |
| 12:28 | Queue | Villager (Male) |
| 12:32 | Queue | Skirmisher |
| 12:58 | Queue | Villager (Male) |
| 13:09 | Build | Farm |
| 13:11 | Build | Mining Camp |
| 13:14 | Build | Mining Camp |
| 13:17 | Queue | Villager (Male) |
| 13:22 | Queue | Villager (Male) |
| 13:23 | Build | Farm |
| 13:27 | Queue | Villager (Male) |
| 13:34 | Queue | Scout Cavalry |
| 13:37 | Queue | Villager (Male) |
| 13:53 | Build | Watch Tower |
| 13:58 | Queue | Villager (Male) |
| 14:03 | Build | Farm |
| 14:03 | Build | Farm |
| 14:04 | Build | Farm |
| 14:07 | Build | Farm |
| 14:07 | Queue | Villager (Male) |
| 14:19 | Queue | Scout Cavalry |
| 14:28 | Queue | Villager (Male) |
| 14:33 | Build | House |
| 14:35 | Build | House |
| 14:41 | Queue | Villager (Male) |
| 15:02 | Build | Watch Tower |
| 15:03 | Queue | Villager (Male) |
| 15:13 | Queue | Villager (Male) |
Match timeline
| 7:15 | twitch.tv/s0laf1d3 · first_building Barracks |
| 7:37 | StateSC2 · wall_segment Palisade Wall x1 |
| 7:39 | StateSC2 · wall_segment Palisade Wall x1 |
| 7:55 | StateSC2 · first_building Barracks |
| 8:49 | StateSC2 · age_up feudal |
| 8:58 | StateSC2 · first_building Stable |
| 9:19 | twitch.tv/s0laf1d3 · age_up feudal |
| 9:30 | twitch.tv/s0laf1d3 · wall_segment Palisade Wall x1 |
| 9:31 | twitch.tv/s0laf1d3 · wall_segment Palisade Wall x1 |
| 9:33 | twitch.tv/s0laf1d3 · wall_segment Palisade Wall x1 |
| 9:35 | twitch.tv/s0laf1d3 · wall_segment Palisade Wall x1 |
| 9:36 | twitch.tv/s0laf1d3 · wall_segment Palisade Wall x1 |
| 10:06 | StateSC2 · first_building Archery Range |
| 11:28 | twitch.tv/s0laf1d3 · first_building Archery Range |
| 13:36 | twitch.tv/s0laf1d3 · wall_segment Palisade Wall x1 |
| 14:13 | twitch.tv/s0laf1d3 · wall_segment Palisade Wall x1 |
| 14:14 | twitch.tv/s0laf1d3 · wall_segment Palisade Wall x1 |
| 14:15 | twitch.tv/s0laf1d3 · wall_segment Palisade Wall x1 |
| 14:55 | twitch.tv/s0laf1d3 · wall_segment Palisade Wall x1 |
| 15:15 | twitch.tv/s0laf1d3 · resign |
[ AI ANALYSIS · 1 CREDIT ]
What really happened in this match?
Wolo.gg analyzes every decision: build order, eco, micro, common mistakes by bracket. Personalized analysis on WhatsApp or Discord in 30 seconds.
Civ guide
Malay
Perfil
Jugador #20383862